 Dungeon Crawl Stone Soup version 0.31.0-12-g77e489cdc1 (webtiles) character file.

Game seed: 1937499066478474684

450 Gadfly the Insei (level 6, -3/42 HPs)
             Began as a Demonspawn Monk on Mar 3, 2024.
             Slain by an ogre
             ... wielding a +0 giant spiked club
              (34 damage)
             ... on level 4 of the Dungeon.
             The game lasted 00:03:45 (3398 turns).

Gadfly the Insei (Demonspawn Monk)                  Turns: 3398, Time: 00:03:45

Health: -3/42      AC:  7    Str: 14    XL:     6   Next: 74%
Magic:  6/6        EV: 13    Int: 10    God:
Gold:   166        SH:  0    Dex: 15    Spells: 5/5 levels left

rFire   . .          .
                       - Unarmed
rCold   + . .        c - orb {light}
rNeg    . . .        a - +0 robe
rPois   .            (no helmet)
rElec   .            (no cloak)
rCorr   .            j - +1 pair of gloves
SInv    .            (no boots)
Will    .....        (no amulet)
Stlth   +            f - ring of protection from cold
HPRegen 0.27/turn    (no ring)
MPRegen 0.10/turn

%: no passive effects
@: glowing
A: claws 1, ignite blood 1, sharp scales 2, frail 1, shaggy fur 1, noise
suppression
a: no special abilities


You were on level 4 of the Dungeon.
You visited 1 branch of the dungeon, and saw 4 of its levels.

You collected 166 gold pieces.

Inventory:

Armour
 a - a +0 robe (worn)
 c - an orb of light (worn)
 j - a +1 pair of gloves (worn)
Jewellery
 f - a ring of protection from cold (left hand)
Scrolls
 e - 2 scrolls of fear
Potions
 b - 2 potions of ambrosia
 d - a potion of attraction
 g - a potion of might
 i - a potion of berserk rage {unknown}
 l - a potion of mutation
 n - 2 potions of brilliance {unknown}


   Skills:
 - Level 3.0 Fighting
 + Level 3.6 Dodging
 * Level 4.3 Unarmed Combat
 * Level 3.4 Evocations
 * Level 2.8 Shapeshifting


You had 5 spell levels left.
You didn't know any spells.
Your spell library contained the following spells:

 Spells                   Type           Power      Damage    Failure   Level
 Jinxbite                 Hex            0%         N/A       50%         2
 Iskenderun's Battlesphe  Conj           0%         2d6       100%        5
 Yara's Violent Unravell  Hex/Alch       0%         3d3       100%        5
 Bombard                  Conj/Erth      0%         9d1       100%        6
 Enfeeble                 Hex            0%         N/A       100%        7
 Spellforged Servitor     Conj/Summ      0%         N/A       100%        7


Dungeon Overview and Level Annotations

Branches:
Dungeon (4/15)
 Temple: D:4-7

Altars:

Shops:
D:3 (


Innate Abilities, Weirdness & Mutations

You have sharp fingernails.
Your demonic aura sometimes causes spilled blood to erupt in flames.
You are mostly covered in razor-sharp scales. (AC +2, Slay +2)
You are frail. (-10% HP)
You are covered in fur. (AC +1)
You passively dampen the noise of your surroundings.


Message History

* * * LOW HITPOINT WARNING * * *
You attack the rock wall.
The ogre completely misses you.
You attack the rock wall.
You smack the ogre!
The ogre is moderately wounded.
The jelly jiggles.
The ogre is engulfed in blazing flames.
You kill the ogre!
You attack the rock wall.
You attack the rock wall.
The jelly is engulfed in blazing flames.
You kill the jelly!
You swing at nothing.
You attack the rock wall.
You feel less invigorated.
You feel less confused.
You swing at nothing.
The hobgoblin hits you but does no damage.
You barely miss the hobgoblin.
The hobgoblin hits you but does no damage.
You barely miss the hobgoblin.
The hobgoblin hits you but does no damage.
You smack the hobgoblin!
You kill the hobgoblin!
You swing at nothing.
You start resting.
Your transformation is almost over.
You feel less wooden.
Your +1 pair of gloves unmelds from your body.
Your +0 robe unmelds from your body.
You start resting.
An ogre comes into view. It is wielding a +0 giant spiked club.
An ogre is nearby!
The ogre shouts!
There is an open door, spattered with blood here.
Items here: ) †††.
You hit the ogre.
The ogre is lightly wounded.
The ogre hits you with a +0 giant spiked club!!
Ouch! That really hurt!
You die...

..# #.# #########.. #.#
.....#.#..# #.#
....#.....# #.#########
#..#......# #.##......#
#.......# #.##.####.#
#.......# #.##.# #.#
#....O.# #.##.####.#
....#....@## #......##.#
.....#.#...####...)#.##.##
### ####..)..............
#...####.....<...##
......## ##.###.#####
#.....## ### #.# # ##...#
... # ##+# #...# # #...# #


You could see an ogre.

Vanquished Creatures
  2 ogres (D:4)
  A bombardier beetle (D:4)
  A jelly (D:4)
  An orc priest (D:2)
  A sleepcap (D:4)
  9 adders
  A dart slug (D:2)
  2 ribbon worms (D:2)
  4 orcs (D:2)
  6 endoplasms
  4 giant cockroaches
  5 goblins
  9 hobgoblins
  2 jackals (D:3)
  3 quokkas
  4 ball pythons
  9 bats
  7 frilled lizards
  4 kobolds
  10 rats
85 creatures vanquished.

Notes
Turn   | Place    | Note
-------+----------+-------------------------------------------
     0 | D:1      | Gadfly the Demonspawn Monk began the quest for the Orb.
     0 | D:1      | Reached XP level 1. HP: 18/18 MP: 1/1
   343 | D:1      | Gained mutation: You are partially covered in razor-sharp
                  | scales. (AC +1, Slay +1) [demonic ancestry]
   343 | D:1      | Reached XP level 2. HP: 23/24 MP: 2/2
   468 | D:1      | Reached skill level 1 in Evocations
   470 | D:1      | Reached skill level 3 in Unarmed Combat
   700 | D:1      | Gained mutation: You are mostly covered in razor-sharp
                  | scales. (AC +2, Slay +2) [demonic ancestry]
   700 | D:1      | Reached XP level 3. HP: 29/29 MP: 3/3
  1228 | D:2      | Reached skill level 1 in Shapeshifting
  1645 | D:2      | Reached XP level 4. HP: 13/35 MP: 4/4
  1733 | D:2      | Gained mutation: You are somewhat resistant to further
                  | mutation. [potion of mutation]
  1733 | D:2      | Gained mutation: You sometimes lose your temper in combat.
                  | [potion of mutation]
  1733 | D:2      | Gained mutation: You are weak. (Str -2) [potion of
                  | mutation]
  1734 | D:2      | Lost mutation: You are somewhat resistant to further
                  | mutation. [potion of mutation]
  1734 | D:2      | Lost mutation: You sometimes lose your temper in combat.
                  | [potion of mutation]
  1734 | D:2      | Lost mutation: You are weak. (Str -2) [potion of mutation]
  1734 | D:2      | Gained mutation: You are frail. (-10% HP) [potion of
                  | mutation]
  1734 | D:2      | Gained mutation: You are covered in fur. (AC +1) [potion of
                  | mutation]
  1734 | D:2      | Gained mutation: You passively dampen the noise of your
                  | surroundings. [potion of mutation]
  2464 | D:3      | Found a faded altar of an unknown god.
  2467 | D:3      | Found Cehu Jao's Antique Weapon Shoppe.
  2845 | D:3      | Gained mutation: Your demonic aura sometimes causes spilled
                  | blood to erupt in flames. [demonic ancestry]
  2845 | D:3      | Reached XP level 5. HP: 32/36 MP: 5/5
  3253 | D:4      | Noticed an ogre
  3256 | D:4      | Killed an ogre
  3265 | D:4      | Reached skill level 4 in Unarmed Combat
  3265 | D:4      | Gained mutation: You have sharp fingernails. [demonic
                  | ancestry]
  3265 | D:4      | Reached XP level 6. HP: 42/42 MP: 6/6
  3330 | D:4      | HP: 3/63 [ogre/+0 giant club (12)]
  3398 | D:4      | Slain by an ogre

Illustrated notes

Levels and vault maps discovered:
D:1:      minmay_arrival_checkered_box, layout_basic, st_stairs_3,
          minmay_misc_feat_rugged, minmay_tripent
D:2:      layout_loops_corners
D:3:      layout_basic, serial_shops, nicolae_shop_window_shopping,
          hellmonk_ecumenical_altar_pennies_from_heaven
D:4:      layout_loops_corners, nicolae_half_adder

Skill      XL: |  1  2  3  4  5  6 |
---------------+-------------------+-----
Evocations     | 1 2 3 |  3.4
Unarmed Combat | 3 4 |  4.3
Dodging        | 3 |  3.6
Shapeshifting  | 1 2 |  2.8
Fighting       | |  3.0

Action                     |  1- 3 |  4- 6 || total
---------------------------+-------+-------++-------
  Melee: Unarmed           |   140 |   123 ||   263
    Use: Scroll            |     2 |     6 ||     8
         Potion            |       |     5 ||     5
 Armour: Robe              |    85 |    56 ||   141
         Skin              |       |     5 ||     5
  Dodge: Dodged            |    89 |    80 ||   169
